 Dungeon Crawl Stone Soup version 0.30.1-11-g7821555f0a (webtiles) character file.

Game seed: 6509458180951661926

15464 cg1 the Warrior (level 12, -3/183 HPs)
             Began as a Minotaur Fighter on Nov 22, 2023.
             Was an Elder of Trog.
             Killed from afar by a thorn hunter (24 damage)
             ... with a volley of thorns
             ... on level 3 of the Swamp on Dec 14, 2023.
             The game lasted 00:52:49 (9573 turns).

cg1 the Warrior (Minotaur Fighter)                  Turns: 9573, Time: 00:52:49

Health: -3/183     AC: 12    Str: 25    XL:     12   Next: 1%
Magic:  11/11      EV: 14    Int: 11    God:    Trog [****..]
Gold:   557        SH:  6    Dex: 13    Spells: 11/11 levels left

rFire   . . .        F - +1 trident "Uga Ejid" {holy, Will++ Stlth-}
rCold   . . .        c - +0 buckler
rNeg    + . .        G - +4 ring mail "Meso Rua" {Will+++ Int+6 Dex+2}
rPois   .            (helmet restricted)
rElec   .            i - +2 cloak
rCorr   .            o - +1 pair of gloves
SInv    .            j - +2 pair of boots
Will    +++++        (no amulet) Stlth
                     p - ring of positive energy
HPRegen 0.50/turn    k - ring of flight
MPRegen 0.12/turn

%: no passive effects
@: berserking (expiring), corroded, flying, very quick
A: horns 2, retaliatory headbutt
a: Renounce Religion, Berserk, Trog's Hand, Brothers in Arms


You were on level 3 of the Swamp.
You worshipped Trog.
Trog was greatly pleased with you.
You visited 3 branches of the dungeon, and saw 14 of its levels.
You also visited: Ossuary.

You collected 682 gold pieces.
You spent 125 gold pieces at shops.

Inventory:

Hand Weapons
 a - a +2 war axe
 v - a +2 mace of protection
 A - a +4 dire flail of holy wrath
 F - the +1 trident "Uga Ejid" (weapon) {holy, Will++ Stlth-}
   (You found it on level 2 of the Lair of Beasts)

   Will:      It greatly increases your willpower.
   Stlth:     It makes you less stealthy.
 P - a +0 longbow
Missiles
 l - 8 boomerangs (quivered)
 O - 2 throwing nets
Armour
 c - a +0 buckler (worn)
 i - a +2 cloak (worn)
 j - a +2 pair of boots (worn)
 o - a +1 pair of gloves (worn)
 G - the +4 ring mail "Meso Rua" (worn) {Will+++ Int+6 Dex+2}
   (You found it on level 9 of the Dungeon)

   Int:       It affects your intelligence (+6).
   Dex:       It affects your dexterity (+2).
   Will:      It greatly increases your willpower.
Jewellery
 k - a ring of flight (right hand)
 p - a ring of positive energy (left hand)
 r - a +6 ring of intelligence
 R - a ring of willpower
 S - a +6 ring of dexterity
Wands
 q - a wand of roots (12)
 z - a wand of digging (3)
 J - a wand of paralysis (9)
Scrolls
 b - a scroll of immolation {unknown}
 s - 8 scrolls of teleportation
 x - a scroll of blinking
 y - a scroll of brand weapon
 C - a scroll of fear
 M - a scroll of enchant weapon
 Q - a scroll of silence {unknown}
Potions
 d - a potion of might
 e - a potion of cancellation
 f - 2 potions of flight
 g - a potion of lignification {unknown}
 h - 7 potions of heal wounds
 n - 7 potions of curing
 t - a potion of berserk rage
 E - a potion of ambrosia {unknown}
 H - a potion of resistance {unknown}
 K - a potion of haste {unknown}
 L - a potion of invisibility {unknown}


   Skills:
 * Level 16.1 Fighting
 - Level 2.4(4.9) Axes
 - Level 6.6(6.9) Maces & Flails
 - Level 5.4 Throwing
 - Level 10.0 Armour
 - Level 7.1 Dodging
 - Level 8.7 Shields


You had 11 spell levels left.
You didn't know any spells.
Your spell library contained the following spells:

 Spells                   Type           Power      Damage    Failure   Level
 Static Discharge         Conj/Air       0%         2-2/arc   65%         2
 Airstrike                Air            0%         2d(0-16)  99%         4
 Summon Lightning Spire   Summ/Air       0%         N/A       99%         4


Dungeon Overview and Level Annotations

Branches:
Dungeon (9/15)             Temple (0/1) D:5            Lair (2/5) D:9
  Swamp (3/4) Lair:2      Ossuary (visited)
  Snake: Lair:2-3    Spider: Lair:2-3       Orc: D:9-12

Altars:
Ashenzari
Cheibriados
Dithmenos
Okawaru
Ru
Sif Muna
Trog
Vehumet
Yredelemnul
The Shining One

Shops:
D:7 !   D:9 *


Innate Abilities, Weirdness & Mutations

You have a pair of horns on your head.
You reflexively headbutt those who attack you in melee.


Message History

You hit the goliath frog but do no damage.
The goliath frog completely misses you.
You reach to attack!
You hit the goliath frog.
The goliath frog is lightly wounded.
The goliath frog hits you but does no damage.
The goliath frog barely misses you.
Okay, then.
A red film seems to cover your vision as you go berserk!
You feel yourself moving faster!
You feel mighty!
The thorn hunter fires a volley of thorns at you.
The volley of thorns hits you!! The goliath frog barely misses you.
You feel a strong urge to attack something.
You block the thorn hunter's attack. The thorn hunter hits you!
The goliath frog hits you!
You are splashed with acid!
You barely miss the goliath frog.
The goliath frog is lightly wounded.
The thorn hunter hits you but does no damage.
You block the thorn hunter's attack. The goliath frog hits you.
The acid corrodes you!
You are splashed with acid!
You are too berserk!
You puncture the goliath frog! Your headbutt misses the goliath frog.
The goliath frog is heavily wounded.
The thorn hunter fires a volley of thorns at you.
The volley of thorns hits you!
* * * LOW HITPOINT WARNING * * *
The goliath frog closely misses you.
You completely miss the goliath frog.
The goliath frog is heavily wounded.
The thorn hunter hits you.
* * * LOW HITPOINT WARNING * * *
The thorn hunter closely misses you. The goliath frog hits you!
* * * LOW HITPOINT WARNING * * *
You are splashed with acid!
* * * LOW HITPOINT WARNING * * *
You puncture the goliath frog! You headbutt the goliath frog!
You kill the goliath frog!
Trog accepts your kill.
The thorn hunter fires a volley of thorns at you.
The volley of thorns hits you!!
You die...

.# ..$.....~... ..#
..~...~~~.♣.
..##~§~..~~~~..~§~~~.
!..~~~..§~~~§~§~~~~~♣
♣....~~~~~§§~§~~~..
♣}.~.~~~§~~~~~~~...
♣~.~~~~~~~§~~~~)~♣
♣♣♣.~~~~~.~~§§~..♣
♣~..~~@~~~~§~.~♣~♣
♣♣♣♣.f~~~~~~~~.~♣~♣~~♣
♣..~~~~~~~~.<......~
♣...~~§~~~§(†..~~~~.
.§...###.♣♣..~.~~~~~~~
~.... ..~~♣♣....~~~~~~
§~~.♣.#....~~~..~~.~~..
~~~♣..#..~....~~~~.~~~~
§~ #.)...~..~~~~.♣♣♣


You could see a thorn hunter.

Vanquished Creatures
  An eleionoma (Swamp:2)
  A bunyip (Swamp:2)
  Harold (Lair:2)
  A hydra (Swamp:2)
  A two-headed ogre (D:8)
  An alligator (Swamp:2)
  A goliath frog (Swamp:3)
  2 bog bodies
  A cane toad (Lair:2)
  4 komodo dragons
  A tyrant leech (Swamp:2)
  A hornet (D:8)
  A polar bear (Lair:2)
  Prince Ribbit (D:6)
  16 yaks
  5 wyverns
  3 basilisks (Lair:1)
  A steam dragon (D:9)
  4 swamp worms
  3 water moccasins
  Edmund (D:6)
  A sky beast (D:6)
  A black bear (D:6)
  A swamp drake (Swamp:2)
  3 ice beasts
  An orc warrior (D:6)
  3 ogres
  2 centaurs (D:7)
  10 wolves
  A phantom (D:4)
  2 kobold brigands
  3 bullfrogs
  4 scorpions
  4 water moccasin zombies (Ossuary)
  6 killer bees
  2 gnoll boudas
  5 jellies
  7 orc priests
  5 hounds
  A sleepcap (D:4)
  2 iguanas (D:5)
  Terence (D:2)
  4 orc wizards
  7 hell rats (Lair:2)
  2 mummies (Ossuary)
  Robin (D:2)
  4 gnolls (D:5)
  4 river rats (D:3)
  10 adders
  A shadow imp (D:6)
  A white imp (D:6)
  6 adder zombies (Ossuary)
  5 worms
  A dart slug (D:4)
  27 orcs
  8 ball pythons
  8 bats
  7 endoplasms
  5 giant cockroaches
  17 hobgoblins
  18 jackals
  4 quokkas
  4 frilled lizards
  4 gnoll zombies (Ossuary)
  11 goblins
  5 hobgoblin zombies (Ossuary)
  13 kobolds
  5 kobold zombies (Ossuary)
  10 orc zombies (Ossuary)
  12 rats
320 creatures vanquished.

Vanquished Creatures (others)
  A tyrant leech (Swamp:2)
  An orc wizard (D:9)
2 creatures vanquished.

Grand Total: 322 creatures vanquished

Notes
Turn   | Place    | Note
-------+----------+-------------------------------------------
     0 | D:1      | cg1 the Minotaur Fighter began the quest for the Orb.
     0 | D:1      | Reached XP level 1. HP: 19/19 MP: 0/0
   202 | D:1      | Reached skill level 4 in Fighting
   225 | D:1      | Reached XP level 2. HP: 23/28 MP: 1/1
   614 | D:1      | Reached skill level 5 in Fighting
   682 | D:1      | Reached XP level 3. HP: 36/36 MP: 2/2
   771 | D:1      | Found a faded altar of an unknown god.
  1248 | D:2      | Noticed Terence
  1253 | D:2      | Killed Terence
  1254 | D:2      | Reached skill level 6 in Fighting
  1254 | D:2      | Reached XP level 4. HP: 38/44 MP: 3/3
  1498 | D:2      | Noticed Robin
  1516 | D:2      | Killed Robin
  1787 | D:3      | Reached XP level 5. HP: 51/51 MP: 4/4
  1808 | D:3      | Reached skill level 7 in Fighting
  1897 | D:3      | Found a shimmering blue altar of Sif Muna.
  1904 | D:3      | Found a snail-covered altar of Cheibriados.
  1907 | D:3      | Found a basalt altar of Yredelemnul.
  1907 | D:3      | Found a bloodstained altar of Trog.
  1917 | D:3      | Found a broken altar of Ashenzari.
  1920 | D:3      | Became a worshipper of Trog the Wrathful
  2074 | D:3      | Identified the +5 dagger of Equilibrium {drain, rF++}
  2319 | D:3      | Found a radiant altar of Vehumet.
  2397 | D:3      | Reached skill level 8 in Fighting
  2643 | D:4      | Reached XP level 6. HP: 55/62 MP: 5/5
  2790 | D:4      | Reached * piety under Trog
  2791 | D:4      | Reached skill level 9 in Fighting
  2863 | D:4      | Reached XP level 7. HP: 59/71 MP: 6/6
  2981 | D:4      | Reached skill level 10 in Fighting
  3097 | D:5      | Entered Level 5 of the Dungeon
  3154 | D:5      | Found a staircase to the Ecumenical Temple.
  3315 | D:5      | Found a large runed translucent door.
  3316 | D:5      | Found a large runed translucent door.
  3437 | D:5      | Found an iron altar of Okawaru.
  3448 | D:5      | Found a shadowy altar of Dithmenos.
  3458 | D:5      | Reached skill level 11 in Fighting
  3653 | D:5      | Reached ** piety under Trog
  3728 | D:5      | Reached skill level 5 in Shields
  3728 | D:5      | Reached XP level 8. HP: 79/82 MP: 7/7
  4759 | D:6      | Reached skill level 5 in Armour
  5152 | D:6      | Found a glowing golden altar of the Shining One.
  5174 | D:6      | Noticed Edmund
  5181 | D:6      | Killed Edmund
  5182 | D:6      | Reached XP level 9. HP: 89/89 MP: 8/8
  5277 | D:6      | Noticed Prince Ribbit
  5324 | D:6      | Killed Prince Ribbit
  5740 | D:7      | Found a sand-covered staircase.
  5751 | Ossuary  | Entered an ossuary
  5782 | Ossuary  | Reached *** piety under Trog
  5834 | Ossuary  | Reached skill level 10 in Armour
  5864 | Ossuary  | Reached skill level 1 in Throwing
  6121 | D:7      | Found Sennaap's Distillery.
  6133 | D:7      | Bought a potion of heal wounds for 60 gold pieces
  6281 | D:7      | Reached **** piety under Trog
  6482 | D:8      | Found a sacrificial altar of Ru.
  6502 | D:8      | Noticed a two-headed ogre
  6538 | D:8      | Killed a two-headed ogre
  6539 | D:8      | Reached skill level 5 in Throwing
  6539 | D:8      | Reached XP level 10. HP: 95/95 MP: 9/9
  6581 | D:8      | Reached skill level 1 in Dodging
  6908 | D:8      | Reached skill level 5 in Dodging
  7201 | D:8      | Paralysed by a hornet for 1 turns
  7363 | D:9      | Identified the +4 ring mail "Meso Rua" {Will+++ Int+6
                  | Dex+2}
  7382 | D:9      | Found Melul's General Store.
  7398 | D:9      | Bought a potion of heal wounds for 65 gold pieces
  7463 | D:9      | Reached skill level 1 in Maces & Flails
  7755 | D:9      | Found a staircase to the Lair.
  7760 | Lair:1   | Entered Level 1 of the Lair of Beasts
  7766 | Lair:1   | Reached skill level 5 in Maces & Flails
  8022 | Lair:1   | Reached XP level 11. HP: 75/102 MP: 10/10
  8245 | Lair:1   | Reached skill level 12 in Fighting
  8377 | Lair:2   | Noticed Harold
  8389 | Lair:2   | Reached skill level 13 in Fighting
  8389 | Lair:2   | Killed Harold
  8734 | Lair:2   | Found a staircase to the Swamp.
  8735 | Lair:2   | Noticed a bog body
  8739 | Lair:2   | Killed a bog body
  8740 | Lair:2   | Reached skill level 14 in Fighting
  8749 | Lair:2   | Identified the +1 trident "Uga Ejid" {holy, Will++ Stlth-}
  8770 | Swamp:1  | Entered Level 1 of the Swamp
  8770 | Swamp:1  | Noticed a spriggan druid
  8776 | Swamp:1  | Noticed an alligator
  8780 | Swamp:1  | Noticed a five-headed hydra
  8781 | Swamp:1  | Noticed a swamp dragon
  8782 | Swamp:1  | Noticed a deep troll
  8782 | Swamp:1  | a deep troll changed into a snapping turtle
  8800 | Swamp:2  | Killed an alligator
  8800 | Swamp:2  | Reached ***** piety under Trog
  9023 | Swamp:2  | Noticed an eleionoma
  9036 | Swamp:2  | Killed an eleionoma
  9078 | Swamp:2  | Reached skill level 15 in Fighting
  9113 | Swamp:2  | Noticed a bog body
  9126 | Swamp:2  | Killed a bog body
  9324 | Swamp:2  | Noticed a seven-headed hydra
  9331 | Swamp:2  | Killed a seven-headed hydra
  9441 | Swamp:2  | Noticed a bunyip
  9452 | Swamp:2  | Killed a bunyip
  9453 | Swamp:2  | Reached skill level 16 in Fighting
  9453 | Swamp:2  | Reached XP level 12. HP: 74/122 MP: 11/11
  9560 | Swamp:3  | Noticed a thorn hunter
  9573 | Swamp:3  | Killed from afar by a thorn hunter

Illustrated notes

Levels and vault maps discovered:
D:1:      dpeg_cavernosity, layout_basic, shapermc_ecumenical_altar_hornbeckon
D:2:      layout_basic, uniq_terence, uniq_robin
D:3:      layout_loops_ring, nicolae_vehumet_altar_sigil,
          nicolae_overflow_hallway_of_the_gods, lightli_sewer_entry_pipes
D:4:      minmay_bubble_buster, layout_cave_pools, grunt_decor_one_mirror,
          grunt_decor_junction
D:5:      layout_basic, jmf_multi_god_temple2, minmay_temple_entry_junction,
          minmay_misc_feat_square, chequers_serial_rivers_small_b,
          kennysheep_windowed_goal
D:6:      layout_gridville, lemuel_doored_altar, uniq_prince_ribbit1,
          uniq_edmund
D:7:      layout_gridville, ebering_ghost_disaster_area,
          nicolae_ossuary_entry_ruins, serial_shops,
          nicolae_shop_industrial_runoff
D:8:      layout_basic, mainiacjoe_overflow_paths
D:9:      layout_roguey, makhleb_altar_promises_db, erik_lair_dragon,
          orc_0_dummy, serial_shops, nicolae_shop_getting_attention,
          amcnicky_mini_rare_corridor_liquid, nicolae_shop_i_like_big_books
Lair:1:   layout_regular_city, nicolae_quartered_pool_medium,
          serial_bayou_shore_a
Lair:2:   layout_hall_layers, skrybe_swamp_entry_bodies,
          nicolae_snake_entry_squirm, st_stairs_8, lemuel_fruit_fields,
          uniq_harold, uniq_sonja
Swamp:1:  layout_falls_marsh, gammafunk_ghost_abyssal_escape,
          nicolae_swamp_ascending_descending, swamp_pool1, hangedman_swamp_pad
Swamp:2:  layout_basic_swamp, hangedman_swamp_lotus,
          nicolae_swamp_round_clearing
Swamp:3:  nicolae_swamp_decorative_isthmus, layout_basic_swamp,
          serial_swamp_ruin, evilmike_swamp_ruin_house_2,
          evilmike_swamp_ruin_house_4, hangedman_swamp_ruin_wall, swamp_pool2,
          infiniplex_staircase_pool

Skill      XL: |  1  2  3  4  5  6  7  8  9 10 11 |
---------------+----------------------------------+-----
Fighting       | 4 5 6 8 9 11 16 | 16.1
Shields        | 5 8 |  8.7
Armour         | 6 10 | 10.0
Throwing       | 5 |  5.4
Dodging        | 7 |  7.1
Maces & Flails | 6 |  6.6
Axes           | |  2.4

Action                     |  1- 3 |  4- 6 |  7- 9 | 10-12 || total
---------------------------+-------+-------+-------+-------++-------
  Melee: War axe           |    86 |   114 |       |    55 ||   255
         Headbutt          |    13 |    18 |    67 |    63 ||   161
         Mace              |       |    34 |   321 |    87 ||   442
         Trident           |       |       |    19 |   219 ||   238
  Throw: Boomerang         |       |     2 |    32 |    42 ||    76
 Invoke: Berserk           |       |       |     1 |     4 ||     5
  Evoke: Wand              |       |       |       |     1 ||     1
    Use: Scroll            |     3 |     4 |    11 |     7 ||    25
         Potion            |       |       |       |     6 ||     6
 Armour: Scale mail        |    55 |   106 |   237 |    24 ||   422
         Ring mail         |       |       |       |   127 ||   127
  Dodge: Dodged            |    52 |    98 |   177 |   223 ||   550
  Block: Buckler           |    20 |    43 |    93 |   113 ||   269
